 Dungeon Crawl Stone Soup version 0.30.0-29-ga12c61a403 (webtiles) character file.

Game seed: 15875138852772149477

15 safid the Chiller (level 2, -4/21 HPs)
             Began as a Merfolk Ice Elementalist on June 13, 2023.
             Slain by a worm (11 damage)
             ... on level 2 of the Dungeon.
             The game lasted 00:00:52 (975 turns).

safid the Chiller (Merfolk Ice Elementalist)         Turns: 975, Time: 00:00:53

Health: -4/21      AC:  2    Str:  8    XL:     2   Next: 50%
Magic:  0/5        EV: 12    Int: 14    God:
Gold:   111        SH:  0    Dex: 14    Spells: 4/5 levels left

rFire   . . .        d - +0 dagger
rCold   . . .        (no shield)
rNeg    . . .        a - +0 robe
rPois   .            (no helmet)
rElec   .            (no cloak)
rCorr   .            (no gloves)
SInv    .            (no boots)
Will    .....        (no amulet)
Stlth   ++           (no ring)
HPRegen 0.23/turn    (no ring)
MPRegen 0.09/turn

%: no passive effects
@: no status effects
A: (nimble swimmer 2), mertail
a: no special abilities


You were on level 2 of the Dungeon.
You visited 1 branch of the dungeon, and saw 2 of its levels.

You collected 111 gold pieces.

Inventory:

Hand Weapons
 d - a +0 dagger (weapon)
Armour
 a - a +0 robe (worn)
Scrolls
 c - a scroll of fear {unknown}
 e - a scroll of identify {unknown}
 f - 2 scrolls of blinking {unknown}
Potions
 b - a potion of magic


   Skills:
 + Level 1.1 Fighting
 - Level 2.6 Dodging
 - Level 2.1 Stealth
 + Level 2.3 Spellcasting
 + Level 4.6 Ice Magic


You had 4 spell levels left.
You knew the following spells:

 Your Spells              Type           Power      Damage    Failure   Level
a - Freeze                Ice            56%        1d7       3%          1

Your spell library contained the following spells:

 Spells                   Type           Power      Damage    Failure   Level
 Frozen Ramparts          Ice            28%        1d5       11%         3
 Ozocubu's Armour         Ice            14%        N/A       11%         3
 Gell's Gravitas          Tloc           1%         N/A       56%         3
 Teleport Other           Tloc           1%         N/A       56%         3
 Summon Ice Beast         Ice/Summ       8%         N/A       65%         4
 Dispersal                Tloc           0%         N/A       100%        6


Dungeon Overview and Level Annotations

Branches:
Dungeon (2/15)

Altars:

Shops:
D:1 [


Innate Abilities, Weirdness & Mutations

((You are very nimble when in or above water. (Stealth+, EV+, Speed+++)))
Your lower body shifts to a powerful aquatic tail in water.


Message History

Aim: a worm (moderately wounded)
You freeze the worm.
The worm is heavily wounded.
The worm misses you.
Unknown command.
Casting: Freeze (safe; 3% risk of failure)
Confirm with . or Enter, or press ? or * to list all spells.
Aiming: Freeze (safe; 3% risk of failure)
Press: ? - help, Shift-Dir - straight line, f/p - worm
Aim: a worm (heavily wounded)
You freeze the worm.
The worm is severely wounded.
The goblin barely misses you.
Unknown command.
Casting: Freeze (safe; 3% risk of failure)
Confirm with . or Enter, or press ? or * to list all spells.
Aiming: Freeze (safe; 3% risk of failure)
Press: ? - help, Shift-Dir - straight line, f/p - worm
Aim: a worm (severely wounded)
You freeze the worm.
The worm is almost dead.
The worm bites you! The goblin barely misses you.
Unknown command.
Casting: Freeze (safe; 3% risk of failure)
Confirm with . or Enter, or press ? or * to list all spells.
You don't have enough magic to cast this spell.
Unknown command.
You barely miss the worm.
The worm is almost dead.
The worm misses you. The goblin barely misses you.
Unknown command.
You hit the worm but do no damage.
The worm is almost dead.
The goblin hits you with a +0 dagger.
* * * LOW HITPOINT WARNING * * *
You hit the worm.
The worm is almost dead.
The worm bites you!
Ouch! That really hurt!
You die...

#.#..##.##...##..[..
#.#..##.###.........
#.....#.# ##........
###.#...# #.##.....
#.#...# #.# ....
#.#...# #.# ...
..#...####?# ...
.......#...##.....
#....#.....@g......
............w.##...
....#.#......#
..........#
.###.####.. #. #.#
.. .# ## ..


You could see a worm and a goblin.

Vanquished Creatures
  A ball python (D:1)
  A bat (D:1)
  2 endoplasms
  2 goblins (D:1)
  3 hobgoblins (D:1)
  A quokka (D:1)
  A frilled lizard (D:1)
  A kobold (D:1)
12 creatures vanquished.

Notes
Turn   | Place    | Note
-------+----------+-------------------------------------------
     0 | D:1      | safid the Merfolk Ice Elementalist began the quest for the
                  | Orb.
     0 | D:1      | Reached XP level 1. HP: 13/13 MP: 3/3
   244 | D:1      | Reached XP level 2. HP: 20/20 MP: 3/5
   332 | D:1      | Reached skill level 1 in Fighting
   389 | D:1      | Found Suoqah's Antique Armour Shoppe.
   975 | D:2      | Slain by a worm

Illustrated notes

Levels and vault maps discovered:
D:1:      giann_wishing_wells, layout_basic, serial_shops,
          nicolae_shop_behind_doors, minmay_gold_behind_fungi
D:2:      layout_rooms, basic_altar

Skill      XL: |  1  2 |
---------------+-------+-----
Fighting       | 1 |  1.1
Dodging        | |  2.6
Stealth        | |  2.1
Spellcasting   | |  2.3
Ice Magic      | |  4.6

Action                     || total
---------------------------++-------
  Melee: Dagger            ||    25
         Unarmed           ||     2
   Cast: Freeze            ||    18
   Stab: Sleeping          ||     1
 Armour: Robe              ||     9
  Dodge: Dodged            ||    26
